AoeStats
← Rodrigo Lao Tse

Arabia

509497144Analyzed
1v1 RM · 5d ago on Sep 27, 2026· 39m 23s· 2 players
Game mode
Random Map
Map size
Tiny (2 player)
Population
200
Speed
Normal
Resources
Standard
Victory
Conquest
Starting age
Dark Age
Ending age
Imperial Age
RankedLock teamsTeams togetherTeam positionsShared explorationLock speedFull tech treeHidden civsTurbo modeCheats
Victory
Defeat
🇺🇸 Persians · United States
900
+15
🇨🇱 Britons · Chile
877
-15
Rodrigo Lao Tse
7:45 Loom
9:55 Feudal Age
10:23 Double-Bit Axe
15:49 Wheelbarrow
18:24 Horse Collar
23:42 Castle Age
25:02 Bow Saw
24:47 Gold Mining
24:23 Crossbowman
24:35 Pikeman
28:28 Hand Cart
29:30 Town Watch
30:31 Heavy Plow
33:06 Squires
33:09 Fletching
34:52 Gold Shaft Mining
35:58 Bodkin Arrow
Jawsh
10:17 Feudal Age
10:05 Loom
10:54 Double-Bit Axe
13:53 Bloodlines
15:47 Horse Collar
21:51 Castle Age
20:41 Scale Barding Armor
20:47 Forging
22:24 Gold Mining
22:47 Bow Saw
23:50 Heavy Plow
25:45 Chain Barding Armor
26:18 Husbandry
29:26 Iron Casting
31:42 Gold Shaft Mining
32:31 Wheelbarrow
35:46 Imperial Age
34:03 Padded Archer Armor
33:54 Fletching
34:46 Heated Shot
35:18 Ballistics
35:34 Leather Archer Armor
35:15 Bodkin Arrow
34:53 Elite Skirmisher
35:31 Cavalier
37:08 Conscription
38:04 Murder Holes
Connection lost

Rejoining the realm…

Still unreachable

The connection could not be restored.

Session expired

The server has moved on; the page needs a fresh start.